 Dungeon Crawl Stone Soup version 0.26.0-10-g1f06aea511 (webtiles) character file.

Game seed: 15295182224788438005

54 Kejsarherre the Conjurer (level 3, 0/22 HPs)
             Began as a Tengu Conjurer on Jan 14, 2021.
             Slain by a goblin
             ... wielding a +0 club
             ... led by Robin
              (5 damage)
             ... on level 2 of the Dungeon.
             The game lasted 00:05:13 (1078 turns).

Kejsarherre the Conjurer (Tengu Conjurer)           Turns: 1078, Time: 00:05:14

Health: 0/22       AC:  3    Str:  7    XL:     3   Next: 91%
Magic:  5/7        EV: 11    Int: 18    God:
Gold:   55         SH:  3    Dex: 13    Spells: 3/6 levels left

rFire    . . .     SeeInvis .   a - +0 spear
rCold    . . .     Faith    .   d - +0 buckler
rNeg     . . .     Spirit   .   b - +0 leather armour
rPois    .         Reflect  .   (helmet restricted)
rElec    .         Harm     .   (no cloak)
rCorr    .         Rampage  .   (no gloves)
Will     .....                  (boots unavailable)
Stlth    ++........             (no amulet)
HPRegen  0.07/turn              (no ring)
MPRegen  0.10/turn              (no ring)

@: no status effects
A: beak, talons 3
a: no special abilities


You were on level 2 of the Dungeon.
You visited 1 branch of the dungeon, and saw 2 of its levels.

You collected 55 gold pieces.

Inventory:

Hand Weapons
 a - a +0 spear (weapon)
Armour
 b - a +0 leather armour (worn)
 d - a +0 buckler (worn)
Scrolls
 e - a scroll of amnesia {unknown}
 f - a scroll of fog {unknown}
 g - a scroll of immolation {unknown}
 k - a scroll of identify {unknown}
Potions
 c - a potion of ambrosia {unknown}
 i - a potion of degeneration {unknown}
 j - 2 potions of flight {unknown}
 l - a potion of lignification {unknown}


   Skills:
 * Level 2.4 Fighting
 * Level 1.4 Polearms
 - Level 2.1 Dodging
 - Level 2.0 Stealth
 + Level 0.8 Shields
 - Level 2.0 Spellcasting
 + Level 5.5 Conjurations


You had 3 spell levels left.
You knew the following spells:

 Your Spells              Type           Power        Failure   Level
a - Magic Dart            Conj           84%          4%          1
b - Searing Ray           Conj           42%          6%          2

Your spell library contained the following spells:

 Spells                   Type           Power        Failure   Level
 Dazzling Flash           Conj/Hex       22%          36%         3
 Fulminant Prism          Conj/Hex       5%           78%         4
 Iskenderun's Mystic Bla  Conj/Tloc      11%          78%         4


Dungeon Overview and Level Annotations

Branches:
Dungeon (2/15)

Altars:
Fedhas

Annotations:
D:2 Robin


Innate Abilities, Weirdness & Mutations

You have a beak for a mouth.
You have claws for feet.


Message History

You closely miss the goblin. Your kick misses the goblin.
The goblin barely misses you.
You closely miss the goblin. You claw the goblin.
You kill the goblin!
You barely miss the goblin. Your peck misses the goblin.
The goblin hits you with a +0 club.
* * * LOW HITPOINT WARNING * * *
You barely miss the goblin. Your kick misses the goblin.
You peck the goblin, but do no damage. The goblin hits you but does no damage.
You hit the goblin.
The goblin is severely wounded.
The goblin misses you. Robin throws the goblin at you!
You closely miss the goblin.
The goblin is severely wounded.
The goblin hits you but does no damage.
You closely miss the goblin. Your peck misses the goblin.
The goblin is severely wounded.
The goblin hits you with a +0 club.
You die...

..###.....##.# #. ..........##.#
# #. ##.####.#.##.###.# #.##
.....##..........# ..#
......#..(##..#######.# #######
.....g#.####.....#....#####......
.._...†.####.....#.......#.......
......#.##.....g.#.##............
......#.)#.###.#@g.##..#.#.......
.....##....# #.######..#.#.#.....
##.####.##.###†### #..#..###.#.#
...............>.# ...#.## ##...
####..##########.# ...#.## ##..
##( .##.####.# ##.## # ##.
#.###.## #. #.#.## #.##


You could see Robin and a goblin.

Vanquished Creatures
  An adder (D:1)
  An ooze (D:1)
  A leopard gecko (D:1)
  2 bats
  3 giant cockroaches (D:1)
  15 goblins
  3 hobgoblins
  A ball python (D:1)
  3 kobolds (D:1)
  6 rats
36 creatures vanquished.

Notes
Turn   | Place    | Note
-------+----------+-------------------------------------------
     0 | D:1      | Kejsarherre the Tengu Conjurer began the quest for the Orb.
     0 | D:1      | Reached XP level 1. HP: 10/10 MP: 4/4
    67 | D:1      | Reached skill level 1 in Fighting
    73 | D:1      | Reached XP level 2. HP: 14/17 MP: 3/6
   431 | D:1      | Reached XP level 3. HP: 21/21 MP: 7/7
   455 | D:1      | Reached skill level 1 in Polearms
   967 | D:2      | Learned a level 2 spell: Searing Ray
   968 | D:2      | Found a blossoming altar of Fedhas.
  1017 | D:2      | Noticed Robin
  1078 | D:2      | Slain by a goblin

Illustrated notes

Levels and vault maps discovered:
D:1:      scummos_arrival_simple_fountains, layout_loops_cross, st_stairs_9,
          hangedman_abyss_or_decor_stabs
D:2:      layout_loops_ring, general_overflow_altar, old_standard_altar,
          uniq_robin

Skill      XL: |  1  2  3 |
---------------+----------+-----
Fighting       | 1 2 |  2.4
Polearms       | 1 |  1.4
Dodging        | |  2.1
Stealth        | |  2.0
Shields        | |  0.8
Spellcasting   | |  2.0
Conjurations   | |  5.5

Action                   || total
-------------------------++-------
Melee: Spear             ||    80
       Peck              ||    12
       Kick              ||    12
Throw: Javelin           ||     4
 Cast: Magic Dart        ||    12
       Searing Ray       ||     2
 Stab: Sleeping          ||     5
       Distracted        ||     1
Armor: Leather armour    ||    16
Dodge: Dodged            ||    48
Block: Buckler           ||    10
